 Dungeon Crawl Stone Soup version 0.28.0-1-gb440e238dd (webtiles) character file.

Game seed: 14003787087384453057

3 cbfl8 the Skirmisher (level 1, -1/20 HPs)
             Began as a Minotaur Berserker on Feb 27, 2022.
             Was a Follower of Trog.
             Slain by a quokka (3 damage)
             ... on level 1 of the Dungeon.
             The game lasted 00:00:14 (78 turns).

cbfl8 the Skirmisher (Minotaur Berserker)             Turns: 78, Time: 00:00:15

Health: -1/20      AC:  2    Str: 21    XL:     1   Next: 41%
Magic:  0/0        EV: 12    Int:  4    God:    Trog [*.....]
Gold:   0          SH:  0    Dex:  9    Spells: 0/0 levels left

rFire   . . .      SeeInvis .   a - +0 hand axe
rCold   . . .      Faith    .   (no shield)
rNeg    . . .      Spirit   .   b - +0 animal skin
rPois   .          Reflect  .   (helmet restricted)
rElec   .          Harm     .   (no cloak)
rCorr   .          Rampage  .   (no gloves)
Will    .....                   (no boots)
Stlth   +.........              (no amulet)
HPRegen 0.06/turn               (no ring)
MPRegen 0.07/turn               (no ring)

@: no status effects
A: horns 2, retaliatory headbutt
a: Renounce Religion, Berserk


You were on level 1 of the Dungeon.
You worshipped Trog.
Trog was aware of your devotion.
You visited 1 branch of the dungeon, and saw 1 of its levels.

Inventory:

Hand Weapons
 a - a +0 hand axe (weapon)
Armour
 b - a +0 animal skin (worn)
Scrolls
 c - a scroll of identify {unknown}


   Skills:
 + Level 3.7 Fighting
 + Level 3.7 Axes
 + Level 2.4 Armour
 + Level 2.2 Dodging


You couldn't memorise any spells.
You didn't know any spells.
Your spell library contained the following spells:

 Spells                   Type           Power      Damage    Failure   Level
 Tukima's Dance           Hex            0%         N/A       86%         3
 Anguish                  Hex/Necr       0%         N/A       99%         4
 Enfeeble                 Hex            0%         N/A       100%        7


Dungeon Overview and Level Annotations

Branches:
Dungeon (1/15)

Altars:


Innate Abilities, Weirdness & Mutations

You have a pair of horns on your head.
You reflexively headbutt those who attack you in melee.


Message History

You kill the rat!
Trog accepts your kill.
A kobold comes into view. It is wielding a +0 short sword.
You see here a book of Maledictions.
You pick up a book of Maledictions and begin reading...
You add the spells Tukima's Dance, Anguish and Enfeeble to your library.
The kobold shouts!
You see here a scroll labelled WORGHU KEIROIDOD.
The kobold barely misses you. You furiously retaliate!
You headbutt the kobold. You slash the kobold!
You kill the kobold!
Trog accepts your kill.
You see here a +0 short sword.
c - a scroll labelled WORGHU KEIROIDOD A ball python and a quokka come into view.
Found 21 stones.
The quokka bites you but does no damage.
You closely miss the quokka. Your headbutt misses the quokka.
The quokka bites you. The quokka barely misses you.
You closely miss the quokka. Your headbutt misses the quokka.
The quokka bites you.
You hit the quokka but do no damage. You closely miss the ball python.
The ball python bites you. The ball python grabs you.
The ball python constricts you. The quokka bites you.
The ball python bites you but does no damage.
The ball python constricts you.
You miss the quokka. You hit the ball python. The quokka bites you.
* * * LOW HITPOINT WARNING * * *
The ball python closely misses you. The ball python constricts you.
* * * LOW HITPOINT WARNING * * *
The quokka bites you but does no damage.
You miss the quokka. You hit the ball python.
You kill the ball python!
Trog accepts your kill. The quokka bites you.
* * * LOW HITPOINT WARNING * * *
You hit the quokka. You headbutt the quokka.
The quokka is moderately wounded.
The quokka bites you.
You die...

###. .....########
...........#
##..######.#####.# #
.....#..........# .(.
####.#.#.#.########.....
................@.......
.#.......#.#####r.......
.#.##.#..#.....+........
.#.##.#..#######........
......#.............##+#
.#.####..#####.....##
.............+ ....+
.).......#...#.....#
...#.........+


You could see a quokka.

Vanquished Creatures
  A kobold (D:1)
  2 ball pythons (D:1)
  A rat (D:1)
4 creatures vanquished.

Notes
Turn   | Place    | Note
-------+----------+-------------------------------------------
     0 | D:1      | cbfl8 the Minotaur Berserker began the quest for the Orb.
     0 | D:1      | Reached XP level 1. HP: 19/19 MP: 0/0
    78 | D:1      | Slain by a quokka

Illustrated notes

Levels and vault maps discovered:
D:1:      erik_arrival_blinker_ship, layout_basic,
          shapermc_ecumenical_altar_rom_forum, chequers_serial_rivers_micro_c

Action                   || total
-------------------------++-------
Melee: Hand axe          ||     9
       Headbutt          ||     1
Armor: Animal skin       ||     4
Dodge: Dodged            ||     5
